 Dungeon Crawl Stone Soup version 0.21.1-1-g345015fe64 (webtiles) character file.

396 Eurus the Stinger (level 6, 0/55 HPs)
             Began as a Naga Venom Mage on June 23, 2018.
             Was an Initiate of Cheibriados.
             Slain by a shadow (10 damage)
             ... created by the darkness of Dithmenos
             ... on level 4 of the Dungeon.
             The game lasted 00:22:02 (4281 turns).

Eurus the Stinger (Naga Venom Mage)                 Turns: 4281, Time: 00:22:03

Health: 0/55       AC: -3    Str: 12    XL:     6   Next: 83%
Magic:  11/11      EV: 11    Int: 18    God:    Cheibriados [......]
Gold:   211        SH:  0    Dex: 12    Spells: 9/12 levels left

rFire    . . .     SeeInvis +   k - +1 trident
rCold    + . .     Gourm    .   (no shield)
rNeg     . . .     Faith    .   a - +0 robe
rPois    +         Spirit   .   (no helmet)
rElec    .         Reflect  .   (no cloak)
rCorr    .         Harm     .   o - +1 pair of gloves
MR       .....                  (no barding)
Stlth    +++.......             (no amulet)
HPRegen  0.18/turn              h - ring of stealth
MPRegen  0.12/turn              i - ring of protection from cold

@: corroded, very slow
A: large, see invisible, deformed body, poison resistance, slowness 2, slow
metabolism 1, spit poison 1, AC +2
a: Spit Poison, Bend Time, Renounce Religion


You were on level 4 of the Dungeon.
You worshipped Cheibriados.
Cheibriados was noncommittal.
You were not hungry.

You visited 2 branches of the dungeon, and saw 6 of its levels.

You collected 211 gold pieces.

Inventory:

Hand Weapons
 k - a +1 trident (weapon)
Armour
 a - a +0 robe (worn)
 o - a +1 pair of gloves (worn)
Jewellery
 h - a ring of stealth (left hand)
 i - a ring of protection from cold (right hand)
Scrolls
 f - a scroll of identify
 g - a scroll of blinking
 j - a scroll of amnesia {unknown}
 l - 3 scrolls of remove curse
 q - 2 scrolls of enchant weapon
Potions
 d - a potion of mutation {unknown}
 m - a potion of flight {unknown}
 n - 2 potions of curing
 p - 2 potions of invisibility
 s - a potion of might {unknown}
Books
 b - a Young Poisoner's Handbook

   Spells                             Type                      Level
   a - Sting                          Conjuration/Poison           1
   b - Poisonous Vapours              Poison/Air                   2
   c - Mephitic Cloud                 Conjuration/Poison/Air       3
   d - Olgreb's Toxic Radiance        Poison                       4
   e - Venom Bolt                     Conjuration/Poison           5
Comestibles
 c - 10 rations


   Skills:
 + Level 2.7 Fighting
   Level 0.3 Maces & Flails
 + Level 1.6 Polearms
 + Level 2.9 Dodging
 - Level 3.2 Stealth
 + Level 3.5 Spellcasting
 - Level 1.0 Conjurations
 + Level 5.8 Poison Magic


You had 9 spell levels left.
You knew the following spells:

 Your Spells              Type           Power        Failure   Level  Hunger
a - Sting                 Conj/Pois      ###.         3%          1    None
b - Poisonous Vapours     Pois/Air       ##....       7%          2    ##.....


Dungeon Overview and Level Annotations

Branches:
Dungeon (5/15)             Temple (1/1) D:4

Altars:
Ashenzari
Cheibriados
Dithmenos
Hepliaklqana
Nemelex Xobeh
Qazlal
Ru
Trog
Uskayaw
Vehumet
Wu Jian
The Shining One

Annotations:
D:4 Duvessa


Innate Abilities, Weirdness & Mutations

You cannot wear boots.
Your serpentine skin is tough. (AC +2)
You have supernaturally acute eyesight. (SInv)
Armour fits poorly on your strangely shaped body.
Your system is resistant to poisons. (rPois)
You cover ground very slowly.
You have a slow metabolism.
You can spit poison.


Message History

The shadow demon gestures.
The worker ant waves its antennae.
As you read the scroll of teleportation, it crumbles to dust.
You feel strangely unstable. The shadow hits you. The rust devil hits you.
The rust devil corrodes you!
The shadow slips into darkness.
The shadow flickers and vanishes for a moment.
The rust devil hits you! The rust devil corrodes you! The shadow misses you.
Your surroundings seem slightly different.
The worker ant waves its antennae.
The shadow demon gestures.
The shadow barely misses you. The shadow hits you!
* * * LOW HITPOINT WARNING * * *
The worker ant bites you.
* * * LOW HITPOINT WARNING * * *
The worker ant misses you.
The shadow slips into darkness.
The shadow flickers and vanishes for a moment.
The shadow hits you!
You die...

###..,,,,.###§§§.§§§#### #.##.#
#..,>,,..#*#§§..§** #.##.##
#...,,,..##*#..§#### #...#..
####.#..,*#..# #...##.# ####.##
...#.#..>*#..# #...##.# #.#
##.#.#****#..# ###.##.# #.#
##.#.# #..# #.##.# #.#
..§#>######a.#####.##.# #.#
#^≈§........a.2W@..##.########.#
.#§§.........4##Z..............#
≈#.................##.###########
.≈..######.#..#######.# #....
....# #.#..........# #.### ..^##
#.#..######### #.#
##≈#######.......# #.#
#^^...........##.# #.#
≈..###.###.##.##.#### #.#


You could see a shadow demon, a rust devil, a shadow (invisible), 2 worker ants
and a centaur skeleton.

Vanquished Creatures
  An ogre (D:4)
  2 scorpions (D:5)
  An orc priest (D:4)
  An orc wizard (D:3)
  An iguana (D:5)
  6 adders
  2 worms (D:2)
  2 leopard geckos
  4 orcs
  7 bats
  4 giant cockroaches
  7 goblins
  11 hobgoblins
  7 kobolds
  2 quokkas
  A ball python (D:4)
  4 frilled lizards
  7 rats
70 creatures vanquished.

Notes
Turn   | Place    | Note
-------+----------+-------------------------------------------
     0 | D:1      | Eurus the Naga Venom Mage began the quest for the Orb.
     0 | D:1      | Reached XP level 1. HP: 15/15 MP: 3/3
   249 | D:1      | Reached XP level 2. HP: 22/22 MP: 1/5
   498 | D:1      | Learned a level 2 spell: Poisonous Vapours
   761 | D:1      | Reached XP level 3. HP: 30/30 MP: 4/6
  1047 | D:2      | Reached skill level 1 in Fighting
  1461 | D:2      | Reached XP level 4. HP: 33/38 MP: 6/8
  1700 | D:2      | Found a shattered altar of Ashenzari.
  1706 | D:2      | Found an ornate altar of the Wu Jian Council.
  2202 | D:3      | Found a hazy altar of Hepliaklqana.
  2506 | D:3      | Reached skill level 5 in Poison Magic
  3046 | D:3      | Reached XP level 5. HP: 37/45 MP: 6/9
  3291 | D:4      | Found a staircase to the Ecumenical Temple.
  3300 | Temple   | Entered the Ecumenical Temple
  3368 | Temple   | Became a worshipper of Dithmenos the Shadowed
  3388 | Temple   | Fell from the grace of Dithmenos
  3388 | Temple   | Became a worshipper of Cheibriados the Contemplative
  3474 | D:4      | Found a stormy altar of Qazlal.
  3527 | D:4      | Noticed Duvessa
  3549 | D:4      | Found a shadowy altar of Dithmenos.
  3803 | D:4      | Noticed an ogre
  3810 | D:4      | Killed an ogre
  3810 | D:4      | Reached skill level 1 in Polearms
  3810 | D:4      | Reached XP level 6. HP: 48/55 MP: 4/11
  4033 | D:5      | Entered Level 5 of the Dungeon
  4243 | D:5      | Noticed a shadow demon
  4243 | D:5      | Noticed a shadow
  4243 | D:5      | Noticed a shadow
  4267 | D:5      | Noticed a sun demon
  4267 | D:5      | Noticed a chaos spawn
  4274 | D:4      | Noticed a rust devil
  4281 | D:4      | Slain by a shadow

Skill      XL: |  1  2  3  4  5 |
---------------+----------------+-----
Fighting       | 1 2 |  2.7
Dodging        | 2 |  2.9
Poison Magic   | 5 |  5.8
Spellcasting   | 3 |  3.5
Polearms       | 1 |  1.6
Maces & Flails | |  0.3
Stealth        | |  3.2
Conjurations   | |  1.0

Action                   |  1- 3 |  4- 6 || total
-------------------------+-------+-------++-------
Melee: Unarmed           |    16 |       ||    16
       Dagger            |    16 |       ||    16
       Mace              |    22 |    20 ||    42
       Short sword       |       |    19 ||    19
       Trident           |       |    18 ||    18
 Cast: Sting             |    44 |    32 ||    76
       Poisonous Vapours |     3 |    17 ||    20
  Use: Scroll            |       |     9 ||     9
 Stab: Sleeping          |     1 |       ||     1
  Eat: Chunk             |     1 |     3 ||     4
       Ration            |       |     2 ||     2
Armor: Robe              |    16 |    21 ||    37
Dodge: Dodged            |    33 |    48 ||    81
